 Dungeon Crawl Stone Soup version 0.24-a0-459-g225fefd530 (webtiles) character file.

Game seed: 3806906278414685259

1378 Mrkan the Grappler (level 8, -3/70 HPs)
             Began as a Troll Hunter on June 28, 2019.
             Slain by a gnoll
             ... wielding a cursed -3 spear
              (9 damage)
             ... on level 5 of the Dungeon.
             The game lasted 00:07:51 (2805 turns).

Mrkan the Grappler (Troll Hunter)                   Turns: 2805, Time: 00:07:52

Health: -3/70      AC:  7    Str: 21    XL:     8   Next: 39%
Magic:  7/7        EV: 10    Int:  9    God:
Gold:   133        SH:  0    Dex: 10    Spells: 7/7 levels left

rFire    . . .     SeeInvis .     - Unarmed
rCold    . . .     Gourm    +   (no shield)
rNeg     . . .     Faith    .   b - +0 robe
rPois    .         Spirit   .   (helmet restricted)
rElec    .         Reflect  .   u - +0 cloak
rCorr    .         Harm     .   (gloves unavailable)
MR       .....                  (boots unavailable)
Stlth    +.........             (no amulet)
HPRegen  0.61/turn              (no ring)
MPRegen  0.10/turn              (no ring)

@: hasted, very quick
A: large, unfitting armour, claws 3, fast metabolism 3, gourmand, regeneration
1, shaggy fur 1, tough skin 3
a: no special abilities


You were on level 5 of the Dungeon.
You were very full.

You visited 1 branch of the dungeon, and saw 5 of its levels.

You collected 133 gold pieces.

Inventory:

Missiles
 c - 5 large rocks (quivered)
 d - 2 throwing nets
 p - 6 silver javelins
Armour
 b - a +0 robe (worn)
 u - a +0 cloak (worn)
Jewellery
 i - a +4 ring of dexterity {unknown}
 s - an uncursed ring of poison resistance {unknown}
 t - an uncursed amulet of rage {unknown}
 z - a cursed -3 ring of intelligence {unknown}
Wands
 y - a wand of flame (43)
Scrolls
 a - a scroll of amnesia {unknown}
 e - 4 scrolls of remove curse {unknown}
 g - 3 scrolls of teleportation {unknown}
 h - 6 scrolls of identify {unknown}
 k - a scroll of noise {unknown}
 m - 2 scrolls of enchant weapon {unknown}
 w - a scroll of fear {unknown}
 B - a scroll of enchant armour {unknown}
Potions
 j - a potion of haste
 l - 3 potions of curing {unknown}
 o - 2 potions of magic {unknown}
 q - a potion of cancellation {unknown}
 r - 2 potions of might {unknown}
 v - a potion of agility {unknown}
 x - a potion of mutation {unknown}
 C - a potion of degeneration {unknown}
Comestibles
 f - 5 rations
 A - 6 chunks of flesh


   Skills:
 - Level 1.5 Fighting
 - Level 3.6 Throwing
 - Level 1.5 Dodging
 - Level 0.3 Stealth
 * Level 10.2 Unarmed Combat


You had 7 spell levels left.
You didn't know any spells.
Your spell library was empty.

Dungeon Overview and Level Annotations

Branches:
Dungeon (5/15)
 Temple: D:4-7

Altars:
Cheibriados
Dithmenos
Hepliaklqana
Kikubaaqudgha
Okawaru
Sif Muna
Trog
The Shining One

Annotations:
D:4 2 transporters


Innate Abilities, Weirdness & Mutations

You are too large for most types of armour.
You have claws for hands.
Your metabolism is lightning-fast.
You like to eat raw meat.
Your natural rate of healing is unusually fast.
You are covered in fur. (AC +1)
You have extremely tough skin. (AC +3)


Message History

The gnoll closely misses you. The gnoll barely misses you.
You claw the orc!
You kill the orc!
The gnoll misses you. The gnoll closely misses you.
The gnoll hits you from afar with a cursed -3 spear.
* * * LOW HITPOINT WARNING * * *
The bullfrog skeleton misses you.
The gnoll hits you from afar with a +0 halberd!
* * * LOW HITPOINT WARNING * * *
You scratch the bullfrog skeleton.
The bullfrog skeleton is lightly damaged.
The bullfrog skeleton hits you but does no damage.
The gnoll hits you but does no damage.
You scratch the bullfrog skeleton.
The bullfrog skeleton is moderately damaged.
The gnoll closely misses you.
The bullfrog skeleton barely misses you.
It was a potion of haste.
You feel yourself speed up.
The gnoll hits you from afar with a cursed -3 spear!
You die...

### #####@# ... ###..##Z### ...
### #.....gYg.# #.. ##
#.#######....5gg.## #.# ...#
##.#....)[...#...########.# ...#
.......###...###.((.#hh...##...##
......## ##..###....ghho...#'''#.
..##.## ##..##..#####o.........
...#.# #..#...#####..o.......


You could see an ice beast, 4 gnolls, a crimson imp and a bullfrog skeleton.

Vanquished Creatures
  3 ogres
  A phantom (D:4)
  A gnoll sergeant (D:5)
  2 scorpions
  A water moccasin skeleton (D:4)
  2 gnoll shamans (D:5)
  3 orc wizards
  5 hounds (D:5)
  Crazy Yiuf (D:3)
  A centaur skeleton (D:4)
  An orc priest (D:5)
  An iguana (D:5)
  2 worker ants
  A mummy (D:4)
  8 adders
  13 gnolls
  A shadow imp (D:5)
  An ooze (D:2)
  3 adder skeletons (D:5)
  An adder zombie (D:5)
  A dart slug (D:2)
  2 leopard geckos
  16 orcs
  8 giant cockroaches
  8 goblins
  3 hobgoblins (D:1)
  8 jackals
  8 kobolds
  3 quokkas
  A ball python (D:1)
  10 bats
  2 frilled lizards
  A hobgoblin zombie (D:4)
  2 leopard gecko skeletons (D:4)
  3 orc zombies (D:4)
  5 rats
133 creatures vanquished.

Vanquished Creatures (others)
  An orc wizard (D:4)
1 creature vanquished.

Grand Total: 134 creatures vanquished

Notes
Turn   | Place    | Note
-------+----------+-------------------------------------------
     0 | D:1      | Mrkan the Troll Hunter began the quest for the Orb.
     0 | D:1      | Reached XP level 1. HP: 19/19 MP: 0/0
    61 | D:1      | Reached skill level 1 in Unarmed Combat
   174 | D:1      | Reached XP level 2. HP: 27/27 MP: 1/1
   220 | D:1      | Reached skill level 2 in Unarmed Combat
   532 | D:1      | Reached XP level 3. HP: 32/33 MP: 2/2
   605 | D:2      | Reached skill level 3 in Unarmed Combat
   794 | D:2      | Reached XP level 4. HP: 37/41 MP: 3/3
  1223 | D:3      | Reached skill level 4 in Unarmed Combat
  1293 | D:3      | Found a runed translucent door.
  1294 | D:3      | Noticed Crazy Yiuf
  1372 | D:3      | Found a hazy altar of Hepliaklqana.
  1504 | D:3      | Found a faded altar of an unknown god.
  1750 | D:3      | Killed Crazy Yiuf
  1750 | D:3      | Reached XP level 5. HP: 46/48 MP: 4/4
  1828 | D:4      | Found an iron altar of Okawaru.
  1830 | D:4      | Reached skill level 5 in Unarmed Combat
  1887 | D:4      | Reached XP level 6. HP: 17/55 MP: 5/5
  1891 | D:4      | Reached skill level 6 in Unarmed Combat
  1955 | D:4      | Found a glowing golden altar of the Shining One.
  1955 | D:4      | Noticed a wraith
  1957 | D:4      | Found an ancient bone altar of Kikubaaqudgha.
  2031 | D:4      | Found a transporter.
  2053 | D:4      | Found a snail-covered altar of Cheibriados.
  2055 | D:4      | Found a bloodstained altar of Trog.
  2072 | D:4      | Found a deep blue altar of Sif Muna.
  2143 | D:4      | Found a transporter.
  2153 | D:4      | Reached skill level 7 in Unarmed Combat
  2186 | D:4      | Reached XP level 7. HP: 29/62 MP: 6/6
  2389 | D:4      | Found a shadowy altar of Dithmenos.
  2491 | D:5      | Entered Level 5 of the Dungeon
  2506 | D:5      | Reached skill level 8 in Unarmed Combat
  2735 | D:5      | Reached skill level 9 in Unarmed Combat
  2744 | D:5      | Reached XP level 8. HP: 44/70 MP: 7/7
  2786 | D:5      | Reached skill level 10 in Unarmed Combat
  2787 | D:5      | HP: 3/70 [gnoll/+0 halberd (6)]
  2805 | D:5      | Slain by a gnoll

Levels and vault maps discovered:
D:1:      mainiacjoe_arrival_reflecting_pool, layout_rooms, minmay_tripent
D:2:      layout_loops_ring, first_ration
D:3:      layout_rooms, old_standard_altar, chequers_ecumenical_altar_grove,
          chequers_serial_rivers_small_b, uniq_crazy_yiuf_cottage
D:4:      layout_rooms, okawaru_trees_1, lemuel_coloured_pillars_altar,
          grunt_temple_overflow_open, gammafunk_temple_overflow_arena,
          minmay_mini_ossuary
D:5:      layout_cave_pools, kennysheep_mini, serial_gnoll_camp,
          gnoll_camp_mini_doghouse, gnoll_camp_mini_loothouse,
          gnoll_camp_medium_02, gnoll_camp_mini_doghouse,
          hangedman_decor_opposing, nemelex_dance_club_becter

Skill      XL: |  1  2  3  4  5  6  7  8 |
---------------+-------------------------+-----
Unarmed Combat | 1 2 3 4 5 7 9 10 | 10.2
Fighting       | |  1.5
Throwing       | |  3.6
Dodging        | |  1.5
Stealth        | |  0.3

Action                   |  1- 3 |  4- 6 |  7- 9 || total
-------------------------+-------+-------+-------++-------
Melee: Unarmed           |   127 |   146 |   137 ||   410
       Punch             |       |     2 |     6 ||     8
  Use: Potion            |       |       |     3 ||     3
 Stab: Sleeping          |     1 |     1 |       ||     2
  Eat: Chunk             |     9 |    15 |     7 ||    31
Armor: Robe              |    77 |    70 |    64 ||   211
Dodge: Dodged            |    81 |    98 |    83 ||   262

Table legend:
 A = Non-vault XP
 B = Vault XP
 C = Vault XP percentage of total XP
 D = Non-vault monster count
 E = Vault monster count
 F = Vault count percentage of total count
                 A         B        C        D         E       F
            +---------+---------+-------+---------+---------+-------
      Total |    1335 |     634 |  32.2 |     109 |      25 |  18.7
            +---------+---------+-------+---------+---------+-------
        D:1 |      41 |       3 |   6.8 |      25 |       2 |   7.4
        D:2 |      76 |       0 |   0.0 |      20 |       0 |   0.0
        D:3 |      57 |      41 |  41.8 |      13 |       1 |   7.1
        D:4 |     666 |      22 |   3.2 |      23 |       5 |  17.9
        D:5 |     495 |     568 |  53.4 |      28 |      17 |  37.8
            +---------+---------+-------+---------+---------+-------
